 Dungeon Crawl Stone Soup version 0.29-a0-330-g52719c12eb (webtiles) character file.

Game seed: 12822750890260622762

3138 kae the Firebug (level 9, -10/60 (62) HPs)
             Began as a Demigod Fire Elementalist on Apr 27, 2022.
             Killed by an exploding wight (38 damage)
             ... ignited by their inner flame
             ... on level 7 of the Dungeon.
             The game lasted 00:05:49 (7888 turns).

kae the Firebug (Demigod Fire Elementalist)         Turns: 7888, Time: 00:05:49

HP:   -10/60 (62)   AC:  6    Str: 15    XL:     9   Next: 35%
MP:   26/32         EV: 31    Int: 26    God:
Gold: 130           SH:  0    Dex: 11    Spells: 11/21 levels left

rFire   . . .      SeeInvis .   (no weapon)
rCold   + . .      Faith    .   (no shield)
rNeg    . . .      Spirit   .   y - +0 steam dragon scales
rPois   +          Reflect  .   j - +1 hat "Yluet" {rC+ Will++ MP+9 Int-3}
rElec   .          Harm     .   (no cloak)
rCorr   .          Rampage  .   (no gloves)
Will    ++...                   (no boots)
Stlth   ++........              d - amulet of the acrobat
HPRegen 0.20/turn               p - +4 ring of evasion
MPRegen 0.23/turn               k - ring "Uhorr" {rPois Str+6 Dex-3 Slay+2}

@: acrobatic, lightly drained
A: high MP 1, forlorn, divine attributes
a: no special abilities


You were on level 7 of the Dungeon.
You visited 1 branch of the dungeon, and saw 7 of its levels.

You collected 386 gold pieces.
You spent 256 gold pieces at shops.

Inventory:

Hand Weapons
 A - the +10 mace "Syfuji" {antimagic, rF++ Int+2}
   (You bought it in a shop on level 7 of the Dungeon)

   It reduces the magical energy of the wielder, and disrupts the spells and
   magical abilities of those it strikes.
   Natural abilities and divine invocations are not affected.
   Int:       It affects your intelligence (+2).
   rF:        It greatly protects you from fire.
Missiles
 g - a throwing net
Armour
 a - a +0 robe
 h - a +1 helmet
 j - the +1 hat "Yluet" (worn) {rC+ Will++ MP+9 Int-3}
   (You acquired it on level 2 of the Dungeon)

   Int:       It affects your intelligence (-3).
   rC:        It protects you from cold.
   MP:        It affects your magic capacity (+9).
   Will:      It greatly increases your willpower.
 r - a +2 pair of gloves of strength
 y - +0 steam dragon scales (worn)
Jewellery
 d - an amulet of the acrobat (around neck)
 e - a +4 ring of slaying
 f - a ring of willpower
 k - the ring "Uhorr" (right hand) {rPois Str+6 Dex-3 Slay+2}
   (You found it on level 2 of the Dungeon)

   [ring of strength]

   Str:       It affects your strength (+6).
   Dex:       It affects your dexterity (-3).
   Slay:      It affects your accuracy & damage with ranged weapons and melee
   (+2).
   rPois:     It protects you from poison.
 m - a ring of willpower
 p - a +4 ring of evasion (left hand)
Scrolls
 l - a scroll of teleportation
 q - a scroll of noise
 u - 2 scrolls of blinking
 x - a scroll of magic mapping
Potions
 b - a potion of magic
 c - 5 potions of lignification
 i - 3 potions of degeneration
 n - 3 potions of attraction
 o - a potion of ambrosia {unknown}
 s - 2 potions of curing
 t - a potion of haste {unknown}
 v - a potion of cancellation
 w - 2 potions of flight {unknown}
 z - a potion of might


   Skills:
 - Level 1.7 Dodging
 - Level 1.7 Stealth
 + Level 6.9 Spellcasting
 + Level 7.3 Conjurations
 + Level 7.4 Fire Magic


You had 11 spell levels left.
You knew the following spells:

 Your Spells              Type           Power      Damage    Failure   Level
a - Foxfire               Conj/Fire      100%       2x1d9     1%          1
b - Scorch                Fire           94%        2d10      1%          2
c - Conjure Flame         Conj/Fire      47%        6-21      1%          3
d - Inner Flame           Hex/Fire       28%        N/A       4%          3
e - Sting                 Tmut/Pois      32%        1d4       6%          1

Your spell library contained the following spells:

 Spells                   Type           Power      Damage    Failure   Level
 Magic Dart               Conj           100%       1d8       1%          1
 Shock                    Conj/Air       100%       1d9       1%          1
 Flame Wave               Conj/Fire      47%        2d10      3%          4
 Ignite Poison            Fire/Tmut/Pois 21%        N/A       7%          3
 Mephitic Cloud           Conj/Pois/Air  21%        N/A       7%          3
 Call Imp                 Summ           8%         N/A       10%         2
 Poisonous Vapours        Pois/Air       16%        N/A       10%         2
 Call Canine Familiar     Summ           8%         N/A       19%         3
 Portal Projectile        Hex/Tloc       16%        N/A       19%         3
 Swiftness                Air            8%         N/A       19%         3
 Airstrike                Air            4%         N/A       54%         4
 Leda's Liquefaction      Hex/Erth       4%         N/A       54%         4
 Olgreb's Toxic Radiance  Pois           8%         N/A       54%         4
 Passage of Golubria      Tloc           8%         N/A       54%         4
 Freezing Cloud           Conj/Ice/Air   10%        6-21      54%         5
 Silence                  Hex/Air        4%         N/A       87%         5
 Lehudib's Crystal Spear  Conj/Erth      14%        10d5      100%        8


Dungeon Overview and Level Annotations

Branches:
Dungeon (7/15)             Temple (0/1) D:6

Shops:
D:7 (


Innate Abilities, Weirdness & Mutations

You have an increased reservoir of magic. (+10% MP)
You shall have no god before yourself.
Your divine heritage dramatically boosts your attributes as you level up.


Message History

Confirm with . or Enter, or press ? or * to list all spells.
You conjure some foxfire!
The wight is engulfed in blazing flames.
The wight explodes!
The fiery explosion engulfs you!!
The fiery explosion engulfs the wight!!
You destroy the wight!
Your foxfire dissipates!
You start resting.
Your foxfire dissipates!
You start resting.
A wight is nearby!
Casting: Foxfire (safe; 1% risk of failure)
Confirm with . or Enter, or press ? or * to list all spells.
Aiming: Inner Flame (dangerous; 4% risk of failure)
Press: ? - help, Dir - move target, f - wight
Aim: a wight, wielding a +0 war axe and wearing a +0 robe (chance to affect: 83%)
The wight is filled with an inner flame.
Casting: Inner Flame (dangerous; 4% risk of failure)
Confirm with . or Enter, or press ? or * to list all spells.
You conjure some foxfire!
The foxfire hits the wight but does no damage.
The foxfire hits the wight.
Flame seeps out of the wight.
The wight is lightly damaged.
The wight is engulfed in blazing flames.
Flame seeps out of the wight.
The wight attacks as you move away! The wight hits you with a +0 war axe.
You feel drained.
Casting: Foxfire (safe; 1% risk of failure)
Confirm with . or Enter, or press ? or * to list all spells.
You conjure some foxfire!
The wight closely misses you.
The wight hits your foxfire with a +0 war axe!
The foxfire hits the wight but does no damage.
The wight is moderately damaged.
The foxfire hits the wight.
Flame seeps out of the wight.
The wight is heavily damaged.
The wight is engulfed in blazing flames.
The wight explodes!
The fiery explosion engulfs you!!!
Ouch! That really hurt!
You die...

##..........###.###
#........#+#
##..###
##......)≈.#
#..#...
#.....#≈≈.###.#####
#.....'..∩..'.#
###.....###.≈≈###
##.........#.≈####
#....§§....#+###.##
####.@§...... #...#
#§○...#..# .z...
##§..##.# .....z
#..###.##......
#)####>#......z
##)#.#.#.#.....
#.).............
##.##+##.#......
...# #........


There were no monsters in sight!

Vanquished Creatures
  3 yaks (D:4)
  A shadow (D:7)
  2 steam dragons (D:6)
  An ice beast (D:5)
  2 sky beasts (D:5)
  2 black bears
  3 ogres
  A centaur (D:7)
  A phantom (D:5)
  A kobold brigand (D:3)
  A bullfrog (D:7)
  3 necrophages
  2 scorpions
  8 wights (D:7)
  A howler monkey (D:4)
  3 hounds
  2 jellies
  Jessica (D:3)
  4 iguanas
  A hound skeleton (D:4)
  15 adders
  A shadow imp (D:7)
  An ufetubus (D:6)
  2 worms
  A dart slug (D:2)
  10 orcs
  2 bats
  3 endoplasms
  3 giant cockroaches
  5 goblins
  5 hobgoblins
  5 jackals
  4 quokkas
  5 ball pythons
  A frilled lizard (D:3)
  11 kobolds
  5 rats
122 creatures vanquished.

Vanquished Creatures (collateral kills)
  A foxfire (D:6)
1 creature vanquished.

Vanquished Creatures (others)
  A steam dragon (D:6)
  468 foxfires
  4 fungi (D:6)
473 creatures vanquished.

Grand Total: 596 creatures vanquished

Notes
Turn   | Place    | Note
-------+----------+-------------------------------------------
     0 | D:1      | kae the Demigod Fire Elementalist began the quest for the
                  | Orb.
     0 | D:1      | Reached XP level 1. HP: 14/14 MP: 5/5
    72 | D:1      | Reached skill level 1 in Conjurations
  1150 | D:2      | Reached XP level 2. HP: 15/20 MP: 1/7
  1453 | D:2      | Reached XP level 3. HP: 19/26 MP: 6/9
  1571 | D:2      | Identified the ring "Uhorr" {rPois Str+6 Dex-3 Slay+2}
  1576 | D:2      | Learned a level 2 spell: Scorch
  1580 | D:2      | Learned a level 3 spell: Conjure Flame
  1911 | D:2      | Identified the +7 chain mail "Heositu" {Rampage rPois rF++
                  | Will-}
  2460 | D:2      | Identified a scroll of acquirement
  2460 | D:2      | Acquired the +1 hat "Yluet" {rC+ Will++ MP+9 Int-3}
  2566 | D:3      | Noticed Jessica
  2570 | D:3      | Killed Jessica
  2571 | D:3      | Reached XP level 4. HP: 33/33 MP: 11/11
  2642 | D:3      | Learned a level 1 spell: Sting
  3085 | D:3      | Noticed a kobold brigand
  3097 | D:3      | Killed a kobold brigand
  3098 | D:3      | Reached XP level 5. HP: 14/38 MP: 12/12
  3754 | D:4      | Noticed a yak
  3754 | D:4      | Noticed an ogre
  3794 | D:4      | You fall into a shaft and drop 1 floor!
  3794 | D:5      | Entered Level 5 of the Dungeon
  3863 | D:5      | Noticed an ice beast
  3873 | D:4      | Noticed a yak
  3877 | D:4      | Noticed a yak
  3936 | D:5      | Learned a level 3 spell: Inner Flame
  3948 | D:5      | Noticed a black bear
  3957 | D:5      | Killed a black bear
  4126 | D:5      | Reached XP level 6. HP: 45/45 MP: 14/14
  4638 | D:4      | Reached XP level 7. HP: 50/50 MP: 16/16
  4722 | D:4      | HP: 1/50 [ogre/+0 giant spiked club (23)]
  4959 | D:4      | Killed a yak
  4960 | D:4      | Reached skill level 5 in Conjurations
  4960 | D:4      | Reached skill level 5 in Fire Magic
  5029 | D:4      | Killed a yak
  5030 | D:4      | Reached skill level 5 in Spellcasting
  5052 | D:4      | Killed a yak
  5053 | D:4      | Reached XP level 8. HP: 36/57 MP: 12/19
  6904 | D:6      | Found a staircase to the Ecumenical Temple.
  7055 | D:6      | Reached XP level 9. HP: 45/62 MP: 20/22
  7683 | D:7      | Found Puuwy's Antique Weapon Shoppe.
  7688 | D:7      | Bought a translucent mace for 256 gold pieces
  7688 | D:7      | Identified the +10 mace "Syfuji" {antimagic, rF++ Int+2}
                  | (You bought it in a shop on level 7 of the Dungeon)
  7888 | D:7      | Killed by an exploding wight... ignited by their inner
                  | flame

Illustrated notes

Levels and vault maps discovered:
D:1:      minmay_arrival_widening_spiral_wide, layout_basic
D:2:      layout_basic
D:3:      cheibrodos_thug_alley, layout_basic, gup_sewer_entry_bubbles,
          basic_ecumenical_altar, uniq_jessica
D:4:      layout_cave_pools, makhleb_blood_cavern_becter
D:5:      layout_gridville, nicolae_uskayaw_dance_hall,
          lemuel_coloured_pillars_altar, mainiacjoe_overflow_alcove_4,
          kennysheep_nondescript
D:6:      kennysheep_steamy, layout_basic, temple_fountains
D:7:      cheibrodos_statue_roulette, layout_cave_pods, serial_shops,
          nicolae_shop_hallway_plus, minmay_misc_feat_doors

Skill      XL: |  1  2  3  4  5  6  7  8  9 |
---------------+----------------------------+-----
Conjurations   | 1 2 3 4 5 6 7 |  7.3
Spellcasting   | 2 3 4 5 6 |  6.9
Fire Magic     | 3 4 5 6 7 |  7.4
Dodging        | |  1.7
Stealth        | |  1.7

Action                   |  1- 3 |  4- 6 |  7- 9 || total
-------------------------+-------+-------+-------++-------
Melee: Unarmed           |    14 |     8 |       ||    22
 Cast: Foxfire           |    72 |    82 |   122 ||   276
       Scorch            |       |    19 |    45 ||    64
       Conjure Flame     |       |       |     4 ||     4
       Inner Flame       |       |       |     6 ||     6
  Use: Scroll            |     7 |     2 |     8 ||    17
       Potion            |       |     1 |       ||     1
 Stab: Sleeping          |       |     1 |       ||     1
Armor: Robe              |     8 |     3 |     2 ||    13
       Steam dragon scal |       |       |     4 ||     4
Dodge: Dodged            |    34 |    45 |    57 ||   136

Table legend: (Time is in decaauts)
 A = Elapsed time spent in this place.
 B = Non-inter-level travel time spent in this place.
 C = Inter-level travel time spent in this place.
 D = Time resting spent in this place.
 E = Time spent auto-exploring this place.
 F = Levels seen in this place.
 G = Mean time per level.
                   A        B        C        D        E       F      G
               +--------+--------+--------+--------+--------+-----+--------+
         Total |   7918 |   7583 |    335 |    251 |   6151 |   7 | 1131.1 |
       Dungeon |   7918 |   7583 |    335 |    251 |   6151 |   7 | 1131.1 |
               +--------+--------+--------+--------+--------+-----+--------+

Top non-repeatable levels by time:
     D:2: 1457 daAuts
     D:3: 1274 daAuts
     D:5: 1230 daAuts
     D:4: 1157 daAuts
     D:1: 1084 daAuts
     D:6: 1053 daAuts
     D:7: 661 daAuts
